 Dungeon Crawl Stone Soup version 0.30-a0-533-g4794bfbd1c (webtiles) character file.

Game seed: 13187462456982405941

280 Decritt the Magician (level 6, -4/47 HPs)
             Began as a Djinni Hedge Wizard on Dec 24, 2022.
             Slain by an iguana (7 damage)
             ... on level 4 of the Dungeon.
             The game lasted 00:08:30 (2851 turns).

Decritt the Magician (Djinni Hedge Wizard)          Turns: 2851, Time: 00:08:30

Health: -4/47      AC:  2    Str:  9    XL:     6   Next: 52%
Gold:   130        EV: 12    Int: 17    God:
                   SH:  0    Dex: 19

rFire   + + .      SeeInvis +    q - +3 dagger (venom)
rCold   x . .      Faith    .    (no shield)
rNeg    . . .      Spirit   .    b - +0 robe
rPois   ∞          Reflect  .    c - +0 hat
rElec   .          Harm     .    (no cloak)
rCorr   .          Rampage  .    (no gloves)
Will    .....                    (boots unavailable)
Stlth   ++                       (no amulet)
HPRegen 0.27/turn                e - ring of see invisible
MPRegen 0.00/turn                f - +6 ring of dexterity

@: flying
A: sickness immunity, fire resistance 2, cold vulnerability 1, float, innate
caster, HP casting, extra vitality 1
a: no special abilities


You were on level 4 of the Dungeon.
You visited 1 branch of the dungeon, and saw 6 of its levels.

You collected 130 gold pieces.

Inventory:

Hand Weapons
 q - a +3 dagger of venom (weapon)
Armour
 b - a +0 robe (worn)
 c - a +0 hat (worn)
Jewellery
 e - a ring of see invisible (left hand)
 f - a +6 ring of dexterity (right hand)
 l - a ring of protection from fire
 r - a ring of protection from cold
Wands
 k - a wand of iceblast (5)
Scrolls
 n - 2 scrolls of blinking
 p - a scroll of magic mapping
Potions
 d - a potion of lignification {unknown}
 i - a potion of brilliance
 j - 2 potions of mutation


   Skills:
 * Level 4.1 Fighting
 - Level 2.1 Dodging
 - Level 1.5 Stealth
 * Level 4.1 Spellcasting


You couldn't memorise any spells.
You knew the following spells:

 Your Spells              Type           Power      Damage    Failure   Level
a - Magic Dart            Conj           68%        1d6       3%          1
b - Slow                  Hex            68%        N/A       3%          1
c - Mephitic Cloud        Conj/Pois/Air  17%        N/A       9%          3
d - Call Imp              Summ           17%        N/A       4%          2
e - Blink                 Tloc           34%        N/A       4%          2
f - Cigotuvi's Dreadful   Necr/Pois/Air  34%        N/A       4%          2
g - Beastly Appendage     Tmut           34%        N/A       3%          1
h - Momentum Strike       Conj/Tloc      34%        3d8       4%          2
Your spell library was empty.

Dungeon Overview and Level Annotations

Branches:
Dungeon (6/15)
 Temple: D:4-7

Altars:

Shops:
D:1 =

Annotations:
D:3 Pargi
D:5 Menkaure


Innate Abilities, Weirdness & Mutations

You are immune to sickness and miasma.
You are immune to poison.
Your flesh is very heat resistant. (rF++)
You are vulnerable to cold. (rC-)
You float through the air rather than walking.
You learn spells naturally, not from books.
Your magical power is your life essence.
You have superior vitality. (+4 MHP)


Message History

Aiming: Mephitic Cloud (dangerous; 9% risk of failure)
Press: ? - help, Shift-Dir - straight line, f - iguana
Aim: an iguana (lightly wounded, chance to affect: 86%)
The ball explodes into a vile cloud!
The stinking cloud engulfs the iguana but does no damage.
The iguana is lightly wounded.
The stinking cloud engulfs your crimson imp but does no damage.
* * * LOW HITPOINT WARNING * * *
The iguana is engulfed in noxious fumes.
The iguana attacks as you move away! The iguana closely misses you.
You closely miss the iguana.
The iguana is lightly wounded.
The black bear is engulfed in noxious fumes.
The black bear appears confused.
The iguana completely misses you.
Your crimson imp hits the iguana but does no damage.
You barely miss the iguana.
The iguana is lightly wounded.
The black bear bites your crimson imp.
The black bear claws your crimson imp but does no damage.
The black bear claws your crimson imp. The iguana barely misses you.
Your crimson imp hits the black bear but does no damage.
You closely miss the iguana.
The iguana is lightly wounded.
The iguana bites you!
* * * LOW HITPOINT WARNING * * *
The dart slug launches a dart at you. The slug dart hits your crimson imp.
You puncture the iguana!
The iguana is poisoned.
The iguana is heavily wounded.
The iguana bites you!
* * * LOW HITPOINT WARNING * * *
Your crimson imp hits the dart slug.
Okay, then.
Casting: Mephitic Cloud (dangerous; 9% risk of failure)
Confirm with . or Enter, or press ? or * to list all spells.
You don't have enough health to cast this spell.
Your crimson imp hits the dart slug.
There is a stone staircase leading down here.
The iguana attacks as you move away! The iguana bites you!
You die...

###)........... ###............#.
#................
#..............# #####
#......##......#. #...##
##.....##...).... ####....#
###...........##.#
###.#.....####..##.....###..#..
##..........#.l@.#......###.....
##.........w5...÷##.##....#.>....
#...†.>....h.#..##.......###.....
......#.##...##....).....##......
......######.....................
......# ###...........#....##..
.....## #...........#.###......
#.......###........#.............
..##.............#.........#..##.


You could see a black bear (confused), an iguana (very poisoned), a dart slug
(ally target) and a friendly crimson imp (summoned).

Vanquished Creatures
  A jelly (D:4)
  Jessica (D:2)
  4 adders
  2 worms
  2 dart slugs
  5 ball pythons
  3 endoplasms (D:1)
  4 giant cockroaches
  6 goblins
  9 hobgoblins
  4 kobolds
  3 quokkas
  3 bats
  6 frilled lizards
  4 rats
57 creatures vanquished.

Vanquished Creatures (collateral kills)
  An ogre (D:5)
  A hound (D:4)
  A bat (D:1)
  A hobgoblin (D:4)
  2 kobolds
6 creatures vanquished.

Vanquished Creatures (others)
  A plant (D:3)
1 creature vanquished.

Grand Total: 64 creatures vanquished

Notes
Turn   | Place    | Note
-------+----------+-------------------------------------------
     0 | D:1      | Decritt the Djinni Hedge Wizard began the quest for the
                  | Orb.
     0 | D:1      | Decritt set off with the following spells memorised: Magic
                  | Dart, Slow, Blink, Call Imp, Cigotuvi's Dreadful Rot,
                  | Mephitic Cloud.
     0 | D:1      | Reached XP level 1. HP: 15/15 MP: 0/0
   134 | D:1      | Reached XP level 2. HP: 21/22 MP: 0/0
   151 | D:1      | Reached skill level 1 in Fighting
   422 | D:1      | Reached XP level 3. HP: 20/27 MP: 0/0
   422 | D:1      | Learned a level 1 spell: Beastly Appendage
   590 | D:1      | Found Zaygamp's Jewellery Shoppe.
  1288 | D:2      | Reached XP level 4. HP: 30/33 MP: 0/0
  1856 | D:2      | Noticed Jessica
  1865 | D:2      | Killed Jessica
  1866 | D:2      | Reached XP level 5. HP: 21/40 MP: 0/0
  1866 | D:2      | Learned a level 2 spell: Momentum Strike
  2125 | D:3      | Noticed Pargi
  2579 | D:4      | Noticed a black bear
  2590 | D:5      | Entered Level 5 of the Dungeon
  2603 | D:5      | Noticed an ogre
  2614 | D:5      | Killed an ogre
  2615 | D:5      | Reached XP level 6. HP: 47/47 MP: 0/0
  2657 | D:5      | Noticed Menkaure
  2849 | D:4      | HP: 2/47 [iguana (9)]
  2851 | D:4      | Slain by an iguana

Illustrated notes

Levels and vault maps discovered:
D:1:      tarquinn_simple_flora_water_e, layout_basic, serial_shops,
          nicolae_diamond_shop, minmay_misc_feat_more_columns,
          ebering_dispersal_statue_hall
D:2:      minmay_wonky_spiral, layout_loops_ring, minmay_3d_cube, uniq_jessica
D:3:      layout_loops_ring, dreamdust_ecumenical_altar_grove,
          kennysheep_generic_room_5, uniq_pargi
D:4:      layout_cave_pools, nicolae_overflow_hallway_of_the_gods
D:5:      minmay_chambers_of_threes, layout_loops_cross,
          okawaru_ov_weapons_minmay, minivault_1, uniq_grinder, uniq_menkaure
D:6:      layout_basic, mainiacjoe_overflow_brackets,
          grunt_temple_overflow_opulence, minmay_temple_entry_statues,
          serial_shops, nicolae_shop_bloodbath_and_beyond,
          kennysheep_generic_room_3, uniq_prince_ribbit1, uniq_pikel,
          uniq_duvessa

Skill      XL: |  1  2  3  4  5 |
---------------+----------------+-----
Fighting       | 1 2 4 |  4.1
Spellcasting   | 3 4 |  4.1
Dodging        | |  2.1
Stealth        | |  1.5

Action                   |  1- 3 |  4- 6 || total
-------------------------+-------+-------++-------
Melee: Dagger            |     5 |    13 ||    18
 Cast: Magic Dart        |    99 |    79 ||   178
       Call Imp          |     3 |    13 ||    16
       Blink             |       |     5 ||     5
       Mephitic Cloud    |       |     4 ||     4
  Use: Scroll            |       |    10 ||    10
Armor: Robe              |     4 |     6 ||    10
Dodge: Dodged            |    14 |    38 ||    52

Table legend: (Time is in decaauts)
 A = Elapsed time spent in this place.
 B = Non-inter-level travel time spent in this place.
 C = Inter-level travel time spent in this place.
 D = Time resting spent in this place.
 E = Time spent auto-exploring this place.
 F = Levels seen in this place.
 G = Mean time per level.
                   A        B        C        D        E       F      G
               +--------+--------+--------+--------+--------+-----+--------+
         Total |   2848 |   2795 |     53 |    528 |   1728 |   6 |  474.7 |
       Dungeon |   2848 |   2795 |     53 |    528 |   1728 |   6 |  474.7 |
               +--------+--------+--------+--------+--------+-----+--------+

Top non-repeatable levels by time:
     D:2: 1040 daAuts
     D:1: 995 daAuts
     D:4: 450 daAuts
     D:3: 135 daAuts
     D:5: 124 daAuts
     D:6: 102 daAuts
